Map: Turbo Cruise '84 LE

Players

Mez

  • Race: Terran Terran
  • League: Master
  • Spawn Location: 3:00

ProbyTheProb - Winner!

  • Race: Terran Terran
  • League: Master
  • Spawn Location: 7:00

VOD

Have the link to the VOD?

Description

Time

  • Played on: Aug. 13, 2019, 6:02 a.m.
  • Length: 3:37
Show
View Real Time Build Order
Export as new Build Order

Mez Terran 

Build Orders: Cyclone Opening 

Get SALT Encoding   

  12  0:01  SCV  
  13  0:13  SCV  
  14  0:18  Supply Depot  
  14  0:25  SCV  
  15  0:31  Refinery  
  15  0:39  SCV  
  16  0:45  Barracks  
  16  0:51  SCV  
  17  0:58  Refinery  
  17  1:03  SCV  
  18  1:15  SCV  
  19  1:33  Reaper, Orbital Command  
  19  1:38  Factory  
  20  1:51  Supply Depot  
  20  1:59  SCV  
  21  2:05  Reaper  
  22  2:11  SCV  
  23  2:23  SCV, Factory Tech Lab  
  24  2:37  Reaper  
  24  2:44  Cyclone  
  24  2:46  Bunker  
Show
View Real Time Build Order
Export as new Build Order

ProbyTheProb Terran - Winner!

Build Orders:  

Get SALT Encoding   

  12  0:00  SCV  
  13  0:13  SCV  
  14  0:19  Supply Depot  
  15  0:28  SCV  
  15  0:42  Barracks  
  15  0:54  Barracks  
  15  0:56  SCV  
  16  1:08  SCV  
  17  1:28  Orbital Command  
  17  1:29  Marine, Barracks  
  18  1:40  Marine  
  18  1:42  Barracks  
  18  1:46  Marine  
  20  1:54  Supply Depot  
  20  1:55  SCV  
  20  1:58  Marine  
  22  2:04  Marine  
  23  2:16  SCV  
  23  2:17  Marine, Supply Depot  
  23  2:20  Marine  
  23  2:22  Marine  
  27  2:30  SCV  
  27  2:31  Marine  
  29  2:39  Supply Depot  
  28  2:44  Marine x2  
  28  2:45  Marine  
  29  2:59  Marine  
  29  3:02  Marine  
  28  3:17  Marine  
  28  3:18  Marine x2  
Tags
 
Add a new tag
Caveats
  • Supply blocks, unpowered buildings, or Contaminate may cause inaccurate times.
  • Supply counts are checked every 10 seconds.